 Dungeon Crawl Stone Soup version 0.29.1-13-g9f3cf754e1 (webtiles) character file.

Game seed: 15049218202815185425

235 nightchill the Chopper (level 5, -2/48 HPs)
             Began as a Minotaur Fighter on Jan 24, 2023.
             Was a Believer of Makhleb.
             Slain by an ogre
             ... wielding a +0 giant spiked club
              (25 damage)
             ... on level 4 of the Dungeon.
             The game lasted 00:03:21 (2913 turns).

nightchill the Chopper (Minotaur Fighter)           Turns: 2913, Time: 00:03:22

Health: -2/48      AC:  6    Str: 22    XL:     5   Next: 76%
Magic:  4/4        EV:  9    Int:  5    God:    Makhleb [**....]
Gold:   127        SH:  4    Dex: 10    Spells: 4/4 levels left

rFire   . . .      SeeInvis .   a - +0 war axe
rCold   . . .      Faith    .   c - +0 buckler
rNeg    . . .      Spirit   .   b - +0 scale mail
rPois   .          Reflect  .   (helmet restricted)
rElec   .          Harm     .   (no cloak)
rCorr   .          Rampage  .   (no gloves)
Will    .....                   (no boots)
Stlth   ..........              (no amulet)
HPRegen 0.16/turn               (no ring)
MPRegen 0.09/turn               (no ring)

@: mighty
A: horns 2, retaliatory headbutt
a: Renounce Religion, Minor Destruction


You were on level 4 of the Dungeon.
You worshipped Makhleb.
Makhleb was pleased with you.
You visited 1 branch of the dungeon, and saw 4 of its levels.

You collected 127 gold pieces.

Inventory:

Hand Weapons
 a - a +0 war axe (weapon)
Missiles
 n - 4 curare-tipped darts (quivered)
Armour
 b - a +0 scale mail (worn)
 c - a +0 buckler (worn)
Jewellery
 i - a ring of fire
Wands
 w - a wand of digging (1)
Scrolls
 e - 2 scrolls of fear {unknown}
 h - 2 scrolls of magic mapping {unknown}
 j - a scroll of enchant weapon {unknown}
 m - a scroll of noise {unknown}
 p - a scroll of brand weapon {unknown}
 u - 4 scrolls of blinking {unknown}
 v - 3 scrolls of identify {unknown}
 x - a scroll of fog {unknown}
Potions
 f - 2 potions of ambrosia {unknown}
 g - a potion of attraction {unknown}
 k - a potion of heal wounds {unknown}
 l - 3 potions of curing {unknown}
 o - a potion of berserk rage {unknown}
 q - a potion of brilliance {unknown}
 r - a potion of haste {unknown}
 s - a potion of lignification {unknown}
 t - a potion of magic {unknown}


   Skills:
 + Level 5.3 Fighting
 * Level 6.2 Axes
 - Level 3.6 Armour
 - Level 3.6 Shields


You had 4 spell levels left.
You didn't know any spells.
Your spell library contained the following spells:

 Spells                   Type           Power      Damage    Failure   Level
 Blink                    Tloc           0%         N/A       95%         2
 Gell's Gravitas          Tloc           0%         N/A       99%         3
 Lesser Beckoning         Tloc           0%         N/A       99%         3
 Teleport Other           Tloc           0%         N/A       99%         3
 Manifold Assault         Tloc           0%         N/A       100%        5
 Storm Form               Tmut/Air       0%         N/A       100%        7


Dungeon Overview and Level Annotations

Branches:
Dungeon (4/15)
 Temple: D:4-7

Altars:
Gozag
Makhleb
Uskayaw
Xom
Zin

Annotations:
D:2 1 runed translucent door, 1 exclusion, Crazy Yiuf


Innate Abilities, Weirdness & Mutations

You have a pair of horns on your head.
You reflexively headbutt those who attack you in melee.


Message History

Found a scroll labelled NUMEMPARCHA.
You barely miss the ball python. The ball python bites you.
The ball python grabs you. The ball python constricts you.
You hit the ball python.
You kill the ball python!
Makhleb accepts your kill.
You hit the kobold but do no damage. The kobold hits you but does no damage.
The kobold hits you with a +0 short sword.
You slash the kobold!
You kill the kobold!
Makhleb accepts your kill.
You feel better.
No target in view!
No target in view!
x - a scroll labelled NUMEMPARCHA A giant cockroach comes into view.
The giant cockroach moves out of view.
You block the giant cockroach's attack.
You slash the giant cockroach!
You kill the giant cockroach!
Makhleb accepts your kill.
No target in view!
No target in view!
An ogre comes into view. It is wielding a +0 giant spiked club.
The ogre shouts!
An ogre is nearby!
An ogre is nearby!
Found an escape hatch in the floor.
A giant cockroach comes into view.
You feel very mighty all of a sudden.
You slice the ogre!!
The ogre is severely wounded.
The ogre hits you with a +0 giant spiked club!!
Ouch! That really hurt!
* * * LOW HITPOINT WARNING * * *
You barely miss the ogre.
The ogre is severely wounded.
The ogre hits you with a +0 giant spiked club!!
Ouch! That really hurt!
You die...

.......#.###..
..#..###.# #.#
.........# #.#
...####### #.# ...#
#####.# ...# #...#.##
...#####......####
.................# ###
...#####†..#####@# ....
..............##O##.....
..............##B.......
..............##.##.....
...#####...###.#.# ....
...... ..........# ###
...### #...#..>... ...#
#.....## ...# .......#


You could see an ogre and a giant cockroach.

Vanquished Creatures
  An orc priest (D:4)
  2 orc wizards (D:4)
  Natasha (twice) (D:2)
  5 adders
  A worm (D:2)
  2 dart slugs
  2 orcs (D:4)
  4 endoplasms
  4 giant cockroaches
  2 goblins
  8 hobgoblins
  4 jackals (D:2)
  6 kobolds
  8 ball pythons
  3 bats
  A frilled lizard (D:2)
  2 rats
57 creatures vanquished.

Notes
Turn   | Place    | Note
-------+----------+-------------------------------------------
     0 | D:1      | nightchill the Minotaur Fighter began the quest for the
                  | Orb.
     0 | D:1      | Reached XP level 1. HP: 19/19 MP: 0/0
     3 | D:1      | Noticed an electric eel
     4 | D:1      | Noticed an electric eel
   197 | D:1      | Found a faded altar of an unknown god.
   204 | D:1      | Reached skill level 3 in Axes
   285 | D:1      | Prayed at the altar of an unknown god.
   285 | D:1      | Became a worshipper of Makhleb the Destroyer
   285 | D:1      | Reached * piety under Makhleb
   320 | D:1      | Reached XP level 2. HP: 24/27 MP: 1/1
  1235 | D:2      | Reached XP level 3. HP: 33/33 MP: 2/2
  1255 | D:2      | Noticed Natasha
  1265 | D:2      | Killed Natasha
  1266 | D:2      | Reached skill level 4 in Axes
  1623 | D:2      | Noticed Natasha
  1631 | D:2      | Killed Natasha
  1632 | D:2      | Reached XP level 4. HP: 41/41 MP: 3/3
  1695 | D:2      | Reached ** piety under Makhleb
  1856 | D:2      | Found a runed translucent door.
  1857 | D:2      | Noticed Crazy Yiuf
  1909 | D:3      | Reached skill level 5 in Axes
  2030 | D:3      | Found a shimmering altar of Xom.
  2076 | D:3      | Identified the +2 robe of Dithmenos's Scorn {rC+ MP-9 Int+7
                  | SInv}
  2424 | D:4      | Reached XP level 5. HP: 47/47 MP: 4/4
  2426 | D:4      | Found a hide-covered altar of Uskayaw.
  2561 | D:4      | Found a glowing silver altar of Zin.
  2605 | D:4      | Found an opulent altar of Gozag.
  2764 | D:4      | Reached skill level 5 in Fighting
  2771 | D:4      | Reached skill level 6 in Axes
  2904 | D:4      | Noticed an ogre
  2913 | D:4      | Slain by an ogre

Illustrated notes

Levels and vault maps discovered:
D:1:      arrival_aquarium_b, layout_basic, serial_forest,
          infiniplex_forest_zigzag_1, infiniplex_forest_lined_2,
          infiniplex_forest_lined_1, infiniplex_forest_straight_4,
          infiniplex_forest_straight_2, infiniplex_forest_lined_corner,
          infiniplex_forest_clump_large, infiniplex_forest_lined_corner,
          basic_ecumenical_altar, serial_bayou_pond_d, kennysheep_crisscross
D:2:      layout_rooms, minmay_distorted, uniq_natasha, uniq_crazy_yiuf_cottage
D:3:      layout_rooms, lemuel_round_altar, kennysheep_nondescript,
          chequers_serial_rivers_room_b
D:4:      layout_loops_cross, makhleb_heckhound_becter,
          mainiacjoe_overflow_paths, nicolae_kikubaaqudgha_miasma_corner,
          pdpol_temple_overflow_zin_treasury_gozag_greed

Skill      XL: |  1  2  3  4  5 |
---------------+----------------+-----
Axes           | 3 4 5 6 |  6.2
Fighting       | 4 5 |  5.3
Armour         | |  3.6
Shields        | |  3.6

Action                   |  1- 3 |  4- 6 || total
-------------------------+-------+-------++-------
Melee: War axe           |    56 |    67 ||   123
       Headbutt          |     8 |     6 ||    14
  Use: Potion            |       |     1 ||     1
Armor: Scale mail        |    23 |    26 ||    49
Dodge: Dodged            |    24 |    26 ||    50
Block: Buckler           |    12 |    10 ||    22
